 Dungeon Crawl Stone Soup version 0.29.1-12-g30fa7ad0bf (webtiles) character file.

Game seed: 10735452906740633899

6459 DildoBatman the Blocker (level 11, -2/72 HPs)
             Began as a Formicid Conjurer on Jan 4, 2023.
             Was a Believer of Kikubaaqudgha.
             Slain by a harpy zombie (3 damage)
             ... in a Gauntlet.
             The game lasted 00:30:33 (7717 turns).

DildoBatman the Blocker (Formicid Conjurer)         Turns: 7717, Time: 00:30:33

Health: -2/72      AC:  7    Str: 12      XL:     11   Next: 19%
Magic:  19/21      EV: 16    Int: 27 (31) God:    Kikubaaqudgha [**....]
Gold:   502        SH: 11    Dex: 14      Spells: 13/24 levels left

rFire   . . .      SeeInvis +   a - +12 war axe "Arcanum" {chaos, Int+4 Stlth+}
rCold   . . .      Faith    .   M - +0 kite shield
rNeg    . . .      Spirit   .   m - +1 robe {Archmagi}
rPois   +          Reflect  .   (helmet unavailable)
rElec   .          Harm     .   x - +0 cloak
rCorr   .          Rampage  .   z - +1 pair of gloves of Autotheism {rPois Int+5}
Will    +....      Archmagi +   (no boots)
Stlth   +++.......              r - amulet of Equivalence {Regen+ Dex+2}
HPRegen 1.02/turn               E - +4 ring of evasion
MPRegen 0.17/turn               B - ring of poison resistance

@: unable to drink
A: permanent stasis, dig shafts and tunnels, antennae 3, four strong arms, frail
1, [inability to drink after injury 1]
a: Dig, Renounce Religion, Unearth Wretches


You were in a Gauntlet.
You worshipped Kikubaaqudgha.
Kikubaaqudgha was pleased with you.
You visited 2 branches of the dungeon, and saw 12 of its levels.
You also visited: Ossuary and Gauntlet.

You collected 541 gold pieces.
You spent 39 gold pieces at shops.

Inventory:

Hand Weapons
 a - the +12 war axe "Arcanum" (weapon) {chaos, Int+4 Stlth+}
   (You found it on level 2 of the Dungeon)

   Each time it hits an enemy it has a different, random effect.
   Int:       It affects your intelligence (+4).
   Stlth:     It makes you more stealthy.
 b - a +1 shortbow
Missiles
 w - 23 poisoned darts
 y - 4 boomerangs
 I - a throwing net
 K - 6 curare-tipped darts
Armour
 d - +0 acid dragon scales
 j - a +1 robe of resistance
 m - a +1 robe of the Archmagi (worn)
 x - a +0 cloak (worn)
 z - the +1 pair of gloves of Autotheism (worn) {rPois Int+5}
   (You found it in a Gauntlet)

   Int:       It affects your intelligence (+5).
   rPois:     It protects you from poison.
 M - a +0 kite shield (worn)
Jewellery
 r - the amulet of Equivalence (around neck) {Regen+ Dex+2}
   (You found it in a Gauntlet)

   [amulet of regeneration]

   Dex:       It affects your dexterity (+2).
   Regen:     It increases your rate of health regeneration.
 u - a ring of protection from cold
 B - a ring of poison resistance (right hand)
 E - a +4 ring of evasion (left hand)
Wands
 c - a wand of digging (5)
Scrolls
 h - a scroll of blinking {unknown}
 n - a scroll of amnesia {unknown}
 o - a scroll of fog {unknown}
 q - a scroll of noise
 s - a scroll of fear {unknown}
 A - a scroll of enchant armour {unknown}
 F - a scroll of torment {unknown}
 G - a scroll of enchant weapon
 J - 3 scrolls of immolation
 L - a scroll of brand weapon {unknown}
 N - a scroll of summoning {unknown}
Potions
 e - a potion of attraction
 f - a potion of brilliance
 g - 4 potions of curing
 k - a potion of magic
 l - 5 potions of heal wounds
 p - 5 potions of flight
 t - a potion of might
 v - a potion of cancellation {unknown}
 D - a potion of berserk rage
 H - a potion of ambrosia {unknown}


   Skills:
 * Level 5.4 Fighting
 - Level 2.0 Axes
 * Level 5.5 Armour
 * Level 4.2 Dodging
 - Level 2.4 Stealth
 - Level 9.0 Shields
 - Level 7.0 Spellcasting
 - Level 4.0 Conjurations
 - Level 7.4 Necromancy
 - Level 7.1 Earth Magic


You had 13 spell levels left.
You knew the following spells:

 Your Spells              Type           Power      Damage    Failure   Level
a - Searing Ray           Conj           92%        2d7       3%          2
b - Stone Arrow           Conj/Erth      100%       3d13      3%          3
c - Magic Dart            Conj           100%       1d8       2%          1
d - Vampiric Draining     Necr           66%        2d10      1%          3
z - Sublimation of Blood  Necr           66%        N/A       1%          2

Your spell library contained the following spells:

 Spells                   Type           Power      Damage    Failure   Level
 Necrotise                Necr           100%       1d9       1%          1
 Animate Dead             Necr           66%        N/A       5%          4
 Slow                     Hex            56%        N/A       11%         1
 Sting                    Tmut/Pois      56%        1d5       11%         1
 Dazzling Flash           Conj/Hex       60%        N/A       14%         3
 Poisonous Vapours        Pois/Air       28%        N/A       17%         2
 Anguish                  Hex/Necr       22%        N/A       24%         4
 Animate Armour           Summ/Erth      86%        N/A       26%         4
 Confusing Touch          Hex            14%        N/A       32%         3
 Ozocubu's Armour         Ice            14%        N/A       32%         3
 Fulminant Prism          Conj/Hex       15%        3d11      43%         4
 Iskenderun's Mystic Bla  Conj/Tloc      30%        2d8       43%         4
 Olgreb's Toxic Radiance  Pois           14%        N/A       73%         4
 Metabolic Englaciation   Hex/Ice        7%         N/A       97%         5
 Simulacrum               Ice/Necr       22%        N/A       98%         6
 Ozocubu's Refrigeration  Ice            7%         4d9       100%        7
 Borgnjor's Revivificati  Necr           33%        N/A       100%        8
 Lehudib's Crystal Spear  Conj/Erth      28%        10d7      100%        8
 Necromutation            Tmut/Necr      22%        N/A       100%        8
 Death's Door             Necr           33%        N/A       100%        9


Dungeon Overview and Level Annotations

Branches:
Dungeon (12/15)            Temple (1/1) D:4             Orc (0/2) D:9
Ossuary (visited)         Gauntlet (1/1)
   Lair: D:8-11

Altars:
Ashenzari
Cheibriados
Dithmenos
Elyvilon
Fedhas
Gozag
Hepliaklqana
Kikubaaqudgha
Makhleb
Nemelex Xobeh
Okawaru
Qazlal
Ru
Sif Muna
Trog
Uskayaw
Vehumet
Wu Jian
Xom
Yredelemnul
Zin
The Shining One

Shops:
D:1 =   D:9 *

Annotations:
D:5 1 runed translucent door, tykejmi's ghost, novice DECj
D:7 exclusion: ancestor
D:9 exclusion: fire elemental Gauntlet 9 transporters


Innate Abilities, Weirdness & Mutations

You cannot be hasted, slowed, berserked, paralysed or teleported.
You can dig through walls and to a lower floor.
You have a pair of large antennae on your head. (SInv)
Your four strong arms can wield two-handed weapons with a shield.
You are frail. (-10% HP)
[You occasionally lose the ability to drink potions when taking damage.]


Message History

You slash the death drake!
The death drake is poisoned.
The death drake is lightly wounded.
You barely miss the harpy zombie. You block the harpy zombie's attack. x2
The harpy zombie claws you. The harpy zombie barely misses you.
The death drake barely misses you. The harpy zombie completely misses you.
The harpy zombie claws you! The wolf spider zombie hits you.
The wolf spider zombie bites you.
The death drake bites you but does no damage.
You feel much better. The harpy zombie claws you.
You block the harpy zombie's attack. The wolf spider zombie hits you!
You feel threatened and lose the ability to drink potions!
The wolf spider zombie misses you.
The harpy zombie claws you but does no damage.
The harpy zombie claws you. The death drake misses you.
You cannot drink potions in your current state!
Unknown command.
You cannot drink potions in your current state!
You closely miss the death drake.
The death drake is lightly wounded.
You slash the wolf spider zombie! You slash the harpy zombie!
The harpy zombie convulses!
You block the harpy zombie's attack. The harpy zombie misses you.
The harpy zombie claws you. The harpy zombie misses you.
The wolf spider zombie hits you!
You block the wolf spider zombie's attack.
The death drake bites you! The harpy zombie claws you.
You die...
Kikubaaqudgha rasps: "You have failed me!
Welcome... death!"

..#...........©...........#...§#
..#.©.........©.........©.#...###
#############################..≈#
#B#.#..##.#..##ZZ.#.#.......#..##
##.#.##s#.#...##..#.#..#....#§§§#
##.##..##.#.#..##.#.#.###...#..##
#.#.©#.##.#.##©.#.#.#..#©#..#..≈#
#.##..#.#.#..##ZkZ#.#Y..###.#..##
##..###.#.#.).##@.#.#Y...#..#..≈#
##![©!.##.#Z)[©##.#.#.[|©$..#..##
#########.#########.#########..§#
...............................##
............8.∩.8..............≈#
#≈#≈#≈#≈#############§#≈#≈#≈#≈###
##########.........############
#...©.©.©...# #.............#


You could see a dire elephant, a death drake (very poisoned), an elephant, a
harpy zombie and a wolf spider zombie.

Vanquished Creatures
  A wretched star (Gauntlet)
  A cyclops (D:11)
  A moth of wrath (Gauntlet)
  A gargoyle (D:11)
  An unseen horror (D:11)
  Psyche (D:9)
  2 trolls
  A hornet (D:9)
  Sigmund (D:3)
  3 neqoxecs (Gauntlet)
  2 acid dragons (D:11)
  An orc warrior (D:8)
  2 sky beasts
  A black bear (D:5)
  An ice beast (D:7)
  An ogre (D:6)
  4 wolves (Gauntlet)
  3 centaurs
  3 phantoms
  An elf zombie (Ossuary)
  A gnoll sergeant (D:8)
  3 scorpions
  5 howler monkeys (D:8)
  A jelly (D:8)
  A centaur zombie (Ossuary)
  4 hounds
  2 gnoll boudas
  2 human zombies (Ossuary)
  4 orc priests
  3 iguanas
  5 orc wizards
  2 mummies (Ossuary)
  19 gnolls
  5 adders
  2 white imps
  5 ufetubi
  An adder zombie (Ossuary)
  4 worms
  3 dart slugs
  38 orcs
  3 bats
  8 endoplasms
  5 giant cockroaches
  10 hobgoblins
  5 kobolds
  4 quokkas
  12 ball pythons
  2 frilled lizards
  6 goblins
  9 hobgoblin zombies (Ossuary)
  A jackal zombie (Ossuary)
  10 kobold zombies (Ossuary)
  9 orc zombies (Ossuary)
  3 rats
  2 rat zombies (Ossuary)
231 creatures vanquished.

Vanquished Creatures (others)
  23 demonic plants (Gauntlet)
23 creatures vanquished.

Grand Total: 254 creatures vanquished

Notes
Turn   | Place    | Note
-------+----------+-------------------------------------------
     0 | D:1      | DildoBatman the Formicid Conjurer began the quest for the
                  | Orb.
     0 | D:1      | Reached XP level 1. HP: 13/13 MP: 3/3
   231 | D:1      | Reached XP level 2. HP: 20/20 MP: 0/5
   234 | D:1      | Learned a level 2 spell: Searing Ray
   553 | D:1      | Reached skill level 1 in Armour
   554 | D:1      | Reached skill level 1 in Fighting
   554 | D:1      | Reached XP level 3. HP: 25/26 MP: 2/6
   871 | D:1      | Found Nief's Jewellery Emporium.
  1178 | D:2      | Reached XP level 4. HP: 32/32 MP: 1/8
  1368 | D:2      | Identified the +12 war axe "Arcanum" {chaos, Int+4 Stlth+}
  1599 | D:2      | Reached XP level 5. HP: 34/38 MP: 9/9
  1826 | D:3      | Noticed Sigmund
  1862 | D:3      | Reached skill level 1 in Axes
  2287 | D:3      | Learned a level 3 spell: Vampiric Draining
  2661 | D:4      | Found a sand-covered staircase.
  2708 | D:4      | Reached XP level 6. HP: 46/46 MP: 5/10
  2732 | Ossuary  | Entered an ossuary
  2871 | Ossuary  | Reached skill level 1 in Necromancy
  2944 | Ossuary  | Reached XP level 7. HP: 35/52 MP: 11/13
  3395 | D:4      | Found a staircase to the Ecumenical Temple.
  3404 | Temple   | Entered the Ecumenical Temple
  3606 | Temple   | Became a worshipper of Kikubaaqudgha
  3703 | D:3      | Killed Sigmund
  3988 | D:5      | Entered Level 5 of the Dungeon
  4075 | D:5      | Reached skill level 5 in Spellcasting
  4148 | D:5      | Reached XP level 8. HP: 58/58 MP: 11/16
  4250 | D:5      | Noticed tykejmi's ghost (novice DECj)
  4253 | D:5      | Found a runed translucent door.
  4301 | D:5      | Found a bloodstained altar of Trog.
  4303 | D:5      | Found a hide-covered altar of Uskayaw.
  4309 | D:5      | Found a blossoming altar of Fedhas.
  4316 | D:5      | Learned a level 3 spell: Stone Arrow
  4405 | D:5      | Reached skill level 1 in Earth Magic
  4640 | D:6      | Reached * piety under Kikubaaqudgha
  4640 | D:6      | Received a gift from Kikubaaqudgha
  4646 | D:6      | Learned a level 2 spell: Sublimation of Blood
  4673 | D:6      | Reached skill level 5 in Necromancy
  5024 | D:6      | Reached XP level 9. HP: 63/63 MP: 10/18
  5060 | D:6      | Identified the +1 hat of the Gloaming {Int+6}
  5370 | D:7      | Reached skill level 5 in Earth Magic
  5615 | D:7      | Found a shadowy altar of Dithmenos.
  5616 | D:7      | Found a hazy altar of Hepliaklqana.
  5691 | D:7      | Found an iron altar of Okawaru.
  5865 | D:8      | Reached ** piety under Kikubaaqudgha
  6347 | D:8      | Reached skill level 1 in Shields
  6351 | D:8      | Reached XP level 10. HP: 60/69 MP: 20/20
  6555 | D:9      | Found Keoch's General Store.
  6563 | D:9      | Bought a potion of curing for 39 gold pieces
  6654 | D:9      | Found a stormy altar of Qazlal.
  6721 | D:9      | Reached skill level 3 in Shields
  6764 | D:9      | HP: 2/70 [troll (9)]
  6766 | D:9      | Reached skill level 5 in Shields
  6927 | D:9      | Found a staircase to the Orcish Mines.
  6928 | D:9      | Noticed a two-headed ogre
  6992 | D:9      | Noticed Psyche
  6998 | D:9      | Killed Psyche
  6999 | D:9      | Reached skill level 7 in Shields
  7057 | D:9      | You fall into a shaft and drop 3 floors!
  7067 | D:11     | Noticed a gargoyle
  7217 | D:11     | Reached skill level 8 in Shields
  7254 | D:11     | Noticed a two-headed ogre
  7287 | D:11     | Killed a gargoyle
  7288 | D:11     | Reached skill level 9 in Shields
  7335 | D:11     | Found a gate leading to a gauntlet.
  7335 | D:11     | Noticed a cyclops
  7340 | D:11     | Killed a cyclops
  7377 | D:11     | Noticed an unseen horror
  7383 | D:11     | Killed an unseen horror
  7403 | Gauntlet | Entered a Gauntlet
  7403 | Gauntlet | Found a transporter.
  7403 | Gauntlet | Found a transporter.
  7404 | Gauntlet | Noticed a moth of wrath
  7407 | Gauntlet | Noticed a fire crab
  7415 | Gauntlet | Found a transporter.
  7429 | Gauntlet | Noticed a wretched star
  7433 | Gauntlet | Found a transporter.
  7433 | Gauntlet | Found a transporter.
  7433 | Gauntlet | Found a transporter.
  7435 | Gauntlet | Found a transporter.
  7435 | Gauntlet | Found a transporter.
  7437 | Gauntlet | Noticed an elephant
  7440 | Gauntlet | Noticed a dire elephant
  7450 | Gauntlet | Found a transporter.
  7461 | Gauntlet | Noticed a death drake
  7464 | Gauntlet | Found a transporter.
  7474 | Gauntlet | Found a transporter.
  7486 | Gauntlet | Noticed an entropy weaver
  7488 | Gauntlet | Found a transporter.
  7509 | Gauntlet | Found a transporter.
  7517 | Gauntlet | Noticed a wizard
  7524 | Gauntlet | Found a transporter.
  7560 | Gauntlet | Killed a moth of wrath
  7561 | Gauntlet | Reached XP level 11. HP: 78/78 MP: 6/21
  7564 | Gauntlet | Identified the amulet of Equivalence {Regen+ Dex+2}
  7610 | Gauntlet | Gained mutation: You are dopey. (Int -2) [a neqoxec]
  7612 | Gauntlet | Identified the +1 pair of gloves of Autotheism {rPois
                  | Int+5}
  7615 | Gauntlet | Gained mutation: You do not regenerate when monsters are
                  | visible. [a neqoxec]
  7618 | Gauntlet | Gained mutation: Armour fits poorly on your strangely
                  | shaped body. [a neqoxec]
  7621 | Gauntlet | Gained mutation: You are frail. (-10% HP) [a neqoxec]
  7623 | Gauntlet | Reached skill level 5 in Fighting
  7623 | Gauntlet | Reached skill level 5 in Armour
  7623 | Gauntlet | Killed a wretched star
  7688 | Gauntlet | Lost mutation: Armour fits poorly on your strangely shaped
                  | body. [potion of mutation]
  7688 | Gauntlet | Lost mutation: You are dopey. (Int -2) [potion of mutation]
  7688 | Gauntlet | Lost mutation: You do not regenerate when monsters are
                  | visible. [potion of mutation]
  7717 | Gauntlet | HP: 1/72 [death drake (9)]
  7717 | Gauntlet | Slain by a harpy zombie

Illustrated notes

Levels and vault maps discovered:
D:1:      lightli_molten_gateway, layout_basic, serial_shops, shop,
          serial_glass, glass_columns_a, glass_columns_b, minmay_tromino_mix6
D:2:      layout_basic
D:3:      layout_rooms, minmay_pentomino_pile, uniq_sigmund
D:4:      layout_cave_pods, lemuel_temple_firewalk_b, nicolae_ossuary_entry_plus
D:5:      layout_basic, grunt_temple_overflow_open,
          hellmonk_ghost_happy_afterlife
D:6:      layout_loops_cross, minmay_tree_intersection
D:7:      layout_basic, riverfiend_overflow_shadow_ancestor, marbit_many_paths
D:8:      layout_rooms
D:9:      layout_basic, nicolae_qazlal_style_of_elements, lair_entry_dummy,
          david_orc_3, serial_shops, nicolae_square_shop, uniq_harold,
          uniq_psyche
D:11:     layout_irregular_city, gauntlet_entry_generic
D:12:     layout_basic
Temple:   bh_familiar_temple
Gauntlet: gammafunk_gauntlet_mixed_choke_point
          [minmay_gauntlet_arena_77_squiggly,
          minmay_gauntlet_arena_77_checkered, minmay_gauntlet_arena_77_fan,
          gammafunk_gauntlet_arena_hedges,
          minmay_gauntlet_arena_77_double_cross,
          minmay_gauntlet_arena_77_two_lines, minmay_gauntlet_arena_77_mess,
          gauntlet_exit_watery]

Skill      XL: |  1  2  3  4  5  6  7  8  9 10 11 |
---------------+----------------------------------+-----
Dodging        | 2 3 4 |  4.2
Armour         | 1 2 3 4 5 |  5.5
Fighting       | 1 2 3 4 5 |  5.4
Conjurations   | 4 |  4.0
Spellcasting   | 3 4 5 6 7 |  7.0
Axes           | 1 2 |  2.0
Necromancy     | 2 3 5 7 |  7.4
Earth Magic    | 3 7 |  7.1
Shields        | 1 9 |  9.0
Stealth        | |  2.4

Action                   |  1- 3 |  4- 6 |  7- 9 | 10-12 || total
-------------------------+-------+-------+-------+-------++-------
Melee: Spear             |    15 |       |       |       ||    15
       Whip              |     1 |       |       |       ||     1
       War axe           |       |    80 |   102 |    14 ||   196
       Punch             |       |       |     4 |       ||     4
 Cast: Magic Dart        |    42 |    17 |    46 |     9 ||   114
       Searing Ray       |     5 |    11 |    31 |     7 ||    54
       Vampiric Draining |       |       |     1 |    20 ||    21
       Stone Arrow       |       |       |       |    10 ||    10
       Sublimation of Bl |       |       |       |     2 ||     2
 Abil: Shaft Self        |       |       |       |     1 ||     1
  Use: Scroll            |       |       |       |    11 ||    11
       Potion            |       |       |       |     7 ||     7
 Stab: Sleeping          |     1 |     4 |     4 |       ||     9
       Confused          |       |     1 |       |       ||     1
Armor: Robe              |     6 |    15 |    20 |     9 ||    50
Dodge: Dodged            |    11 |    38 |    93 |    47 ||   189
Block: Kite shield       |       |       |       |    34 ||    34
